 Dungeon Crawl Stone Soup version 0.22-a0-512-g0943f25562 (webtiles) character file.

494 Faustar the Magician (level 7, -3/41 HPs)
             Began as an Octopode Wizard on June 18, 2018.
             Shot with an arrow by a centaur (18 damage)
             ... on level 5 of the Dungeon.
             The game lasted 00:21:31 (6261 turns).

Faustar the Magician (Octopode Wizard)              Turns: 6261, Time: 00:21:31

Health: -3/41      AC:  1    Str:  7    XL:     7   Next: 15%
Magic:  7/13       EV: 13    Int: 22    God:
Gold:   295        SH:  0    Dex: 10    Spells: 6/14 levels left

rFire    . . .     SeeInvis +   n - +0 trident
rCold    . . .     Gourm    +   (no shield)
rNeg     . . .     Faith    .   a - +0 hat
rPois    .         Spirit   .   m - amulet of the gourmand
rElec    .         Reflect  .   h - ring of see invisible
rCorr    .         Harm     .   (no ring)
MR       .....                  (no ring)
Stlth    +++.......             (no ring)
HPRegen  0.13/turn              (no ring)
MPRegen  0.13/turn              (no ring)
                                (no ring)
                                (no ring)

@: no status effects
A: almost no armour, stealthy swim, amphibious, 8 rings, constrict 8, camouflage
1, gelatinous body 1
a: no special abilities


You were on level 5 of the Dungeon.
You were completely stuffed.

You visited 1 branch of the dungeon, and saw 5 of its levels.

You collected 295 gold pieces.

Inventory:

Hand Weapons
 n - a +0 trident (weapon)
Armour
 a - a +0 hat (worn)
 l - a +0 buckler
Jewellery
 h - a ring of see invisible (left tentacle)
 m - an amulet of the gourmand (around mantle)
Wands
 i - a wand of digging (14)
 r - a wand of random effects (35)
 s - a wand of paralysis (19)
Scrolls
 b - a scroll of identify
 d - a scroll of teleportation
 e - 4 scrolls of enchant armour {unknown}
 o - a scroll of noise {unknown}
Potions
 f - a potion of flight {unknown}
 g - a potion of mutation
 j - 2 potions of lignification {unknown}
 k - a potion of berserk rage {unknown}
 p - a potion of haste {unknown}
 q - a potion of ambrosia {unknown}
Comestibles
 c - 5 rations
 t - a chunk of flesh


   Skills:
 - Level 2.0 Dodging
 - Level 2.6 Stealth
 + Level 2.8 Shields
 - Level 4.1 Spellcasting
 + Level 3.4 Conjurations
 - Level 4.1 Summonings
 - Level 2.0 Translocations


You had 6 spell levels left.
You knew the following spells:

 Your Spells              Type           Power        Failure   Level  Hunger
a - Magic Dart            Conj           ###.         2%          1    None
b - Call Imp              Summ           ###.....     3%          2    #......
c - Blink                 Tloc           N/A          8%          2    #......
d - Mephitic Cloud        Conj/Pois/Air  #.......     21%         3    ##.....

Your spell library contained the following spells:

 Spells                   Type           Power        Failure   Level  Hunger
 Conjure Flame            Conj/Fire      ##......     16%         3    ##.....
 Slow                     Hex            #.......     17%         2    #......


Dungeon Overview and Level Annotations

Branches:
Dungeon (5/15)
 Temple: D:4-7

Altars:
Xom

Annotations:
D:4 Menkaure


Innate Abilities, Weirdness & Mutations

You cannot wear most types of armour.
You are very stealthy in the water. (Stealth+)
You are amphibious.
You can wear up to eight rings at the same time.
You can use your tentacles to constrict eight enemies at once.
Your skin changes colour to match your surroundings (Stealth+).
Your rubbery body absorbs attacks. (AC +1, EV +1)


Message History

Casting: Call Imp (safe; 3% risk of failure)
Confirm with . or Enter, or press ? or * to list all spells.
Aiming: Magic Dart (safe; 2% risk of failure)
Press: ? - help, Shift-Dir - straight line, f/p - centaur
Aim: a centaur, wielding a shortbow The magic dart hits the centaur.
The centaur is lightly wounded.
The centaur shoots an arrow.
The arrow hits you!
The centaur shoots an arrow.
The arrow hits your crimson imp!
Your crimson imp dies!
Casting: Magic Dart (safe; 2% risk of failure)
Confirm with . or Enter, or press ? or * to list all spells.
A beastly little devil appears in a puff of flame.
The centaur shoots an arrow.
The arrow misses your crimson imp. The arrow closely misses you.
The arrow hits your crimson imp.
Your crimson imp blinks!
The centaur shoots an arrow.
The arrow hits you.
Your crimson imp blinks!
The centaur shoots an arrow.
The arrow hits you!!
You die...

........## ...# #..
.......... #..c##.§
.......>.# #....##
####### b.####...#
#.c.### ##......
...###.... #(.§.#
##.....5. 5........#
##(##.####........
....##5#.#
#(.##..).#........
.c.##..#..#
#(######..........
.#§.#.# #..## #@#
###........ ###.<5#
#..###5.# #...)....
###.# #.#...##
##....... #.###
#...## ##.......
#####...###....###
###........
......#..##.##...##
#......)...
##.....#.##.##._..##
#.#..>..(..
##.##.#..#.##.....#
#.#.<<.....
#.##.##.(.######.#
#.#........


You could see a centaur and a friendly crimson imp.

Vanquished Creatures
  2 scorpions (D:4)
  An orc wizard (D:4)
  A gnoll (D:2)
  3 adders
  An adder skeleton (D:4)
  A leopard gecko (D:1)
  2 orcs
  2 bats
  3 giant cockroaches
  3 goblins
  2 hobgoblins
  A quokka (D:2)
  2 ball pythons
  4 frilled lizards
  7 kobolds
  2 rats (D:1)
37 creatures vanquished.

Vanquished Creatures (collateral kills)
  2 ogres
  2 scorpions
  An orc priest (D:3)
  A hound (D:5)
  Crazy Yiuf (D:2)
  A bullfrog skeleton (D:5)
  2 orc wizards (D:4)
  Jessica (D:2)
  3 worker ants
  6 gnolls
  3 adders
  A worm (D:3)
  6 orcs
  2 bats
  A giant cockroach (D:4)
  2 goblins (D:2)
  3 jackals (D:3)
  A kobold (D:2)
  2 frilled lizards (D:3)
  A quokka skeleton (D:4)
42 creatures vanquished.

Grand Total: 79 creatures vanquished

Notes
Turn   | Place    | Note
-------+----------+-------------------------------------------
     0 | D:1      | Faustar the Octopode Wizard began the quest for the Orb.
     0 | D:1      | Reached XP level 1. HP: 11/11 MP: 4/4
   259 | D:1      | Reached XP level 2. HP: 17/17 MP: 1/6
   858 | D:1      | You fall through a shaft!
   882 | D:2      | Learned a level 2 spell: Call Imp
   885 | D:2      | Learned a level 2 spell: Blink
  1050 | D:2      | Reached XP level 3. HP: 2/21 MP: 0/8
  1671 | D:2      | Reached XP level 4. HP: 23/27 MP: 8/10
  1745 | D:2      | Noticed Jessica
  1754 | D:2      | Killed Jessica
  2147 | D:2      | Found a runed door.
  2153 | D:2      | Noticed Crazy Yiuf
  2166 | D:2      | Killed Crazy Yiuf
  3159 | D:3      | Reached XP level 5. HP: 31/31 MP: 6/11
  3912 | D:4      | Noticed an ogre
  3929 | D:4      | Killed an ogre
  4481 | D:4      | Reached XP level 6. HP: 36/36 MP: 7/12
  4838 | D:4      | Reached skill level 1 in Shields
  5261 | D:4      | Learned a level 3 spell: Mephitic Cloud
  5262 | D:5      | Entered Level 5 of the Dungeon
  5774 | D:5      | Found a shimmering altar of Xom.
  5920 | D:5      | Reached XP level 7. HP: 41/41 MP: 9/13
  6032 | D:5      | Noticed Menkaure
  6261 | D:5      | Shot with an arrow by a centaur

Vault maps used:
D:1:      lightli_arrival_boilingwater, hangedman_decor_clover_reticule
D:2:      uniq_crazy_yiuf_cottage, uniq_jessica
D:3:      minivault_24, minmay_misc_feat_pillars, serial_bayou_ford_a
D:4:      kennysheep_generic_room_10
D:5:      xom_butterflies, first_ration, uniq_ijyb, uniq_menkaure

Skill      XL: |  1  2  3  4  5  6 |
---------------+-------------------+-----
Summonings     | 2 3 4 |  4.1
Spellcasting   | 4 |  4.1
Translocations | 2 |  2.0
Shields        | 2 |  2.8
Conjurations   | 3 |  3.4
Dodging        | |  2.0
Stealth        | |  2.6

Action                   |  1- 3 |  4- 6 |  7- 9 || total
-------------------------+-------+-------+-------++-------
Melee: Unarmed           |    16 |    26 |       ||    42
       Constrict         |     4 |     8 |       ||    12
       Tentacles         |     1 |     3 |       ||     4
       Trident           |       |    22 |     3 ||    25
 Cast: Magic Dart        |    57 |    39 |     2 ||    98
       Call Imp          |     4 |    84 |    18 ||   106
       Blink             |       |     2 |     1 ||     3
  Use: Scroll            |     3 |     2 |     1 ||     6
 Stab: Sleeping          |       |     3 |       ||     3
       Distracted        |       |     2 |       ||     2
  Eat: Chunk             |     2 |    20 |     5 ||    27
Armor: Skin              |     3 |     1 |       ||     4
Dodge: Dodged            |    14 |    38 |     4 ||    56

Table legend:
 A = Spawn XP
 B = Non-spawn XP
 C = Spawn XP percentage of total XP
 D = Spawn monster count
 E = Non-spawn monster count
 F = Spawn count percentage of total count
 G = Total turns spent on level
                    A         B        C        D         E        F      G
               +---------+---------+-------+---------+---------+-------+---------
         Total |       0 |     707 |   0.0 |       0 |      79 |   0.0 |  6261
               +---------+---------+-------+---------+---------+-------+---------
           D:1 |       0 |      24 |   0.0 |       0 |      15 |   0.0 |   926
           D:2 |       0 |     108 |   0.0 |       0 |      17 |   0.0 |  1722
           D:3 |       0 |      69 |   0.0 |       0 |      19 |   0.0 |  1417
           D:4 |       0 |     351 |   0.0 |       0 |      23 |   0.0 |  1743
           D:5 |       0 |     155 |   0.0 |       0 |       5 |   0.0 |   453
               +---------+---------+-------+---------+---------+-------+---------
